 Dungeon Crawl Stone Soup version 0.24-a0-459-g225fefd530 (webtiles) character file.

Game seed: 4122079756904029250

338 Krouwed the Ruffian (level 6, -1/52 HPs)
             Began as a Draconian Transmuter on June 27, 2019.
             Was an Initiate of Okawaru.
             Slain by an ice beast (14 damage)
             ... on level 4 of the Dungeon.
             The game lasted 00:11:21 (4282 turns).

Krouwed the Ruffian (Draconian Transmuter)          Turns: 4282, Time: 00:11:22

Health: -1/52      AC:  7    Str: 13    XL:     6   Next: 29%
Magic:  10/10      EV: 12    Int: 16    God:    Okawaru [......]
Gold:   238        SH:  0    Dex: 12    Spells: 3/11 levels left

rFire    . . .     SeeInvis .     - Unarmed
rCold    . . .     Gourm    .   (no shield)
rNeg     . . .     Faith    .   (armour unavailable)
rPois    .         Spirit   .   (helmet restricted)
rElec    .         Reflect  .   (no cloak)
rCorr    .         Harm     .   (no gloves)
MR       .....                  g - +0 pair of boots
Stlth    ++........             j - amulet of magic regeneration
HPRegen  0.17/turn              d - +2 ring of intelligence
MPRegen  0.37/turn              q - ring of stealth

@: appendage (expiring), drained
A: unfitting armour, horns 2, cold-blooded, AC +6
a: End Transformation, Renounce Religion


You were on level 4 of the Dungeon.
You worshipped Okawaru.
Okawaru was noncommittal.
You were not hungry.
You had grown temporary horns.
You visited 2 branches of the dungeon, and saw 5 of its levels.

You collected 238 gold pieces.

Inventory:

Missiles
 a - 4 arrows
 b - 13 poisoned darts (quivered)
Armour
 g - a +0 pair of boots (worn)
Jewellery
 d - a +2 ring of intelligence (left hand)
 j - an amulet of magic regeneration (around neck)
 q - a ring of stealth (right hand)
Scrolls
 h - 2 scrolls of enchant weapon
 k - 2 scrolls of remove curse
 m - a scroll of teleportation
 n - a scroll of fear
 p - a scroll of magic mapping {unknown}
 r - a scroll of fog {unknown}
 s - a scroll of amnesia {unknown}
Potions
 e - a potion of brilliance
 f - 2 potions of flight
 l - a potion of cancellation
 t - a potion of lignification {unknown}
Comestibles
 c - 4 rations


   Skills:
 - Level 3.7(3.1) Fighting
 - Level 1.7(1.1) Dodging
 - Level 4.5(3.8) Unarmed Combat
 + Level 3.2(2.5) Spellcasting
 * Level 3.6(3.0) Transmutations


You had 3 spell levels left.
You knew the following spells:

 Your Spells              Type           Power        Failure   Level  Hunger
a - Beastly Appendage     Tmut           ##....       5%          1    #......
b - Sticks to Snakes      Tmut           ##......     9%          2    ##.....
c - Blade Hands           Tmut           ##........   83%         5    ######.

Your spell library contained the following spells:

 Spells                   Type           Power        Failure   Level  Hunger
 Spider Form              Tmut/Pois      #.........   32%         3    ###....
 Ice Form                 Ice/Tmut       #.......     71%         4    #####..


Dungeon Overview and Level Annotations

Branches:
Dungeon (4/15)             Temple (1/1) D:4

Altars:
Ashenzari
Dithmenos
Elyvilon
Fedhas
Gozag
Makhleb
Nemelex Xobeh
Okawaru
Sif Muna
Trog
Uskayaw
Vehumet
Wu Jian
Xom
Yredelemnul
Zin
The Shining One

Annotations:
D:3 Dowan, Duvessa


Innate Abilities, Weirdness & Mutations

Your plain brown scales are hard. (AC +6)
You cannot fit into any form of body armour.
You are cold-blooded and may be slowed by cold attacks.
You have a pair of horns on your head.


Message History

The ice beast is almost dead.
The ice beast closely misses you.
You closely miss the ice beast. Your headbutt misses the ice beast.
The ice beast is almost dead.
The ice beast closely misses you.
You closely miss the ice beast.
The ice beast is almost dead.
The ice beast closely misses you.
You hit the ice beast but do no damage.
The ice beast is almost dead.
The ice beast hits you but does no damage.
You closely miss the ice beast. Your headbutt misses the ice beast.
The ice beast is almost dead.
The ice beast barely misses you.
You hit the ice beast but do no damage.
The ice beast is almost dead.
The ice beast hits you.
* * * LOW HITPOINT WARNING * * *
The ice beast freezes you!
You die...

#.# #.# #.# # #.#
... ..# # #)# ###
#. # #.# ### #.# #
#.# ..# #.# # ##.#
#.# #.# # #..#
#.###.## # #.##
#Y##...###########
#.#
#@#>..............
#.#
#.#....###########
#.# #.#.#.## #.#
#.#.#.##### #.#
#....^....# #.#
###.#.###.# #.#
#.#.# #.########
#.# #.#.#
#.##...... #.#
#.#.# #.##.#####


You could see an ice beast.

Vanquished Creatures
  A phantom (D:4)
  An orc priest (D:3)
  An orc wizard (D:4)
  A worker ant (D:4)
  2 adders
  4 gnolls
  An ooze (D:1)
  4 dart slugs
  A leopard gecko (D:1)
  6 orcs
  4 giant cockroaches
  4 goblins
  4 hobgoblins
  A ball python (D:1)
  10 bats
  4 frilled lizards
  7 kobolds
  A quokka skeleton (D:4)
  8 rats
65 creatures vanquished.

Vanquished Creatures (collateral kills)
  An ogre (D:4)
1 creature vanquished.

Grand Total: 66 creatures vanquished

Notes
Turn   | Place    | Note
-------+----------+-------------------------------------------
     0 | D:1      | Krouwed the Draconian Transmuter began the quest for the
                  | Orb.
     0 | D:1      | Reached XP level 1. HP: 16/16 MP: 3/3
   180 | D:1      | Reached XP level 2. HP: 22/24 MP: 5/5
   643 | D:1      | Reached XP level 3. HP: 24/30 MP: 4/6
   653 | D:1      | Learned a level 2 spell: Sticks to Snakes
  1052 | D:2      | Found a deep blue altar of Sif Muna.
  1100 | D:2      | Found a shadowy altar of Dithmenos.
  2039 | D:3      | Reached XP level 4. HP: 9/37 MP: 7/7
  2385 | D:3      | Found a glowing silver altar of Zin.
  2401 | D:3      | Reached skill level 4 in Unarmed Combat
  2573 | D:4      | Noticed a phantom
  2609 | D:4      | Killed a phantom
  2609 | D:4      | Reached XP level 5. HP: 11/45 MP: 7/9
  2771 | D:4      | Noticed an ogre
  2810 | D:4      | Killed an ogre
  3022 | D:4      | Reached XP level 6. HP: 38/52 MP: 10/10
  3110 | D:4      | Learned a level 5 spell: Blade Hands
  3413 | D:4      | Found a staircase to the Ecumenical Temple.
  3424 | Temple   | Entered the Ecumenical Temple
  3501 | Temple   | Became a worshipper of Warmaster Okawaru
  3546 | D:4      | Noticed Duvessa
  3547 | D:4      | Noticed Dowan
  4005 | D:4      | Noticed an ice beast
  4282 | D:4      | Slain by an ice beast

Levels and vault maps discovered:
D:1:      erik_arrival_cave_to_civilisation [erik_arrival_cave_to_hall],
          layout_basic, kennysheep_decorative_pillar,
          hangedman_abyss_or_decor_lesser_grid
D:2:      layout_basic, led_sif_pool, grunt_dithmenos_smoke_and_mirrors
D:3:      layout_rooms, zin_statuary
D:4:      layout_loops_ring, minmay_temple_entry_antechambers, first_ration,
          uniq_duvessa
Temple:   eino_temple_lava

Skill      XL: |  1  2  3  4  5 |
---------------+----------------+-----
Fighting       | 2 3 |  3.7
Unarmed Combat | 4 |  4.5
Transmutations | 3 |  3.6
Spellcasting   | 3 |  3.2
Dodging        | |  1.7

Action                   |  1- 3 |  4- 6 || total
-------------------------+-------+-------++-------
Melee: Unarmed           |   141 |   107 ||   248
       Tailslap          |     9 |    13 ||    22
       Headbutt          |     3 |    12 ||    15
       Punch             |       |     2 ||     2
Throw: Dart              |       |    15 ||    15
 Cast: Beastly Appendage |     8 |    16 ||    24
       Sticks to Snakes  |       |     8 ||     8
  Use: Scroll            |     3 |    13 ||    16
       Potion            |     2 |     1 ||     3
 Stab: Sleeping          |     2 |     1 ||     3
  Eat: Chunk             |     4 |     1 ||     5
       Ration            |       |     2 ||     2
Armor: Skin              |    43 |    28 ||    71
Dodge: Dodged            |    92 |    58 ||   150

Table legend:
 A = Non-vault XP
 B = Vault XP
 C = Vault XP percentage of total XP
 D = Non-vault monster count
 E = Vault monster count
 F = Vault count percentage of total count
                 A         B        C        D         E       F
            +---------+---------+-------+---------+---------+-------
      Total |     484 |       0 |   0.0 |      66 |       0 |   0.0
            +---------+---------+-------+---------+---------+-------
        D:1 |      54 |       0 |   0.0 |      29 |       0 |   0.0
        D:2 |       8 |       0 |   0.0 |       5 |       0 |   0.0
        D:3 |     100 |       0 |   0.0 |      19 |       0 |   0.0
        D:4 |     322 |       0 |   0.0 |      13 |       0 |   0.0
            +---------+---------+-------+---------+---------+-------
